 Dungeon Crawl Stone Soup version 0.21.1-1-g345015f (webtiles) character file.

99 Mirai the Skirmisher (level 4, -17/36 HPs)
             Began as a Demonspawn Fighter on Mar 7, 2018.
             Demolished by an ogre
             ... wielding a +0 giant spiked club
              (18 damage)
             ... on level 3 of the Dungeon.
             The game lasted 00:03:52 (1546 turns).

Mirai the Skirmisher (Demonspawn Fighter)           Turns: 1546, Time: 00:03:53

Health: -17/36     AC: 10    Str: 17    XL:     4   Next: 45%
Magic:  4/4        EV:  7    Int: 10    God:
Gold:   78         SH:  9    Dex: 12    Spells: 3/3 levels left

rFire    . . .     SeeInvis .   a - +0 war axe
rCold    . . .     Gourm    .   c - +0 shield
rNeg     . . .     Faith    .   b - +0 scale mail
rPois    .         Spirit   .   (no helmet)
rElec    .         Reflect  .   n - +0 cloak
rCorr    .         Harm     .   r - +0 pair of gloves
MR       +....                  (no boots)
Stlth    +.........             (no amulet)
HPRegen  0.12/turn              m - ring of wizardry
MPRegen  0.09/turn              p - ring of protection from magic

@: no status effects
A: talons 1, rugged brown scales 1, nightstalker 1
a: no special abilities


You were on level 3 of the Dungeon.
You were not hungry.

You visited 1 branch of the dungeon, and saw 3 of its levels.

You collected 78 gold pieces.

Inventory:

Hand Weapons
 a - a +0 war axe (weapon)
Armour
 b - a +0 scale mail (worn)
 c - a +0 shield (worn)
 n - a +0 cloak (worn)
 r - a +0 pair of gloves (worn)
Jewellery
 m - a ring of wizardry (left hand)
 p - a ring of protection from magic (right hand)
Scrolls
 e - 3 scrolls of remove curse {unknown}
 g - 3 scrolls of identify {unknown}
 h - a scroll of fear {unknown}
 k - a scroll of teleportation {unknown}
 o - 2 scrolls of magic mapping {unknown}
 s - a scroll of noise {unknown}
Potions
 d - a potion of might
 i - a potion of agility {unknown}
 j - a potion of degeneration {unknown}
 q - a potion of lignification {unknown}
Comestibles
 f - 4 rations
 l - a chunk of flesh


   Skills:
 + Level 3.5 Fighting
 + Level 3.1 Axes
 + Level 3.1 Armour
 + Level 3.2 Shields


You had 3 spell levels left.
You didn't know any spells.

Dungeon Overview and Level Annotations

Branches:
Dungeon (3/15)

Altars:


Innate Abilities, Weirdness & Mutations

You have sharp toenails.
You are partially covered in rugged brown scales. (AC +1, +3% HP)
You are slightly more attuned to the shadows.


Message History

No target in view!
No target in view!
An ogre comes into view. It is wielding a giant spiked club.
The ogre shouts!
Found 32 arrows.
Found a stone staircase leading down.
Found a club.
The ogre hits you with a giant spiked club!!
Ouch! That really hurt!
You hit the ogre.
The ogre is lightly wounded.
You block the ogre's attack.
You slash the ogre! You claw the ogre, but do no damage.
The ogre is severely wounded.
The ogre hits you with a giant spiked club!
* * * LOW HITPOINT WARNING * * *
You closely miss the ogre. You claw the ogre, but do no damage.
The ogre is severely wounded.
The ogre hits you with a giant spiked club!!
Ouch! That really hurt!
You die...

..######.###..#
.######......#####
.......##.##.....######
.......................
.#####.#..##.........##
#.#..##.....###.##
.#####.#..##.....# #.##
..........##.#.### #.##
......@......#.# #.##
######O....##...####<##
#..................
#.......##.).####.##
...(.....>. ) #.#
###...#.####. #.#
##.#### #.# #.. ##


You could see an ogre.

Vanquished Creatures
  2 adders
  2 oozes (D:1)
  3 worms (D:2)
  2 dart slugs (D:2)
  2 leopard geckos
  2 ball pythons (D:2)
  6 bats
  A giant cockroach (D:1)
  11 goblins
  5 hobgoblins
  10 kobolds
  6 frilled lizards (D:1)
  4 rats
56 creatures vanquished.

Notes
Turn   | Place    | Note
-------+----------+-------------------------------------------
     0 | D:1      | Mirai the Demonspawn Fighter began the quest for the Orb.
     0 | D:1      | Reached XP level 1. HP: 18/18 MP: 1/1
    87 | D:1      | Gained mutation: You have sharp toenails. [demonic ancestry]
    87 | D:1      | Reached XP level 2. HP: 15/24 MP: 2/2
   428 | D:1      | Gained mutation: You are partially covered in rugged brown scales. (AC +1, +3% HP) [demonic ancestry]
   428 | D:1      | Reached XP level 3. HP: 23/29 MP: 3/3
   847 | D:2      | Gained mutation: You are slightly more attuned to the shadows. [demonic ancestry]
   847 | D:2      | Reached XP level 4. HP: 26/36 MP: 4/4
  1539 | D:3      | Noticed an ogre
  1545 | D:3      | HP: 1/36 [ogre/giant spiked club (14)]
  1546 | D:3      | Demolished by an ogre

Skill      XL: |  1  2  3  4 |
---------------+-------------+-----
Axes           | 2 3 |  3.1
Armour         | 3 |  3.1
Shields        | 3 |  3.2
Fighting       | |  3.5

Action                   |  1- 3 |  4- 6 || total
-------------------------+-------+-------++-------
Melee: War axe           |    97 |    46 ||   143
       Kick              |    23 |     7 ||    30
  Eat: Chunk             |       |     2 ||     2
Armor: Scale mail        |    49 |    22 ||    71
Dodge: Dodged            |    28 |    11 ||    39
Block: Shield            |    49 |    26 ||    75
